 Dungeon Crawl Stone Soup version 0.30-a0-1112-gfb780f5df6 (webtiles) character file.

Game seed: 5762161775884868250

5245 demibob the Spear-Bearer (level 10, 0/65 (69) HPs)
             Began as a Demonspawn Wanderer on Apr 19, 2023.
             Was a Priest of Ru.
             Slain by a vault guard
             ... wielding a +0 broad axe
              (9 damage)
             ... in a bailey.
             The game lasted 00:15:17 (7812 turns).

demibob the Spear-Bearer (Demonspawn Wanderer)      Turns: 7812, Time: 00:15:18

HP:   0/65 (69)     AC: 16    Str: 14    XL:     10   Next: 36%
MP:   10/10         EV: 11    Int: 20    God:    Ru [***...]
Gold: 557           SH:  0    Dex: 13    Spells: 9/9 levels left

rFire   + . .      SeeInvis .    b - +0 halberd
rCold   . . .      Faith    .    (shield currently unavailable)
rNeg    . . .      Spirit   .    i - +0 ring mail
rPois   +          Reflect  .    f - +0 helmet
rElec   .          Rampage  .    (no cloak)
rCorr   .                        j - +0 pair of gloves
Will    .....                    d - +1 pair of boots Stlth
                                 n - amulet of regeneration
HPRegen 1.10/turn                L - ring of flight
MPRegen 0.12/turn                F - ring of protection from fire

@: brilliant, exhausted, sanguine armoured, flying, drained, unable to read
A: claws 1, frail 1, powered by death 2, inability to read after injury 2, no
stealth, sanguine armour 1, talons 1, thin skeletal structure 1, clever 1,
poison resistance
a: Renounce Religion, Draw Out Power


You were in a bailey.
You worshipped Ru.
Ru was most pleased with you.
You visited 1 branch of the dungeon, and saw 8 of its levels.
You also visited: Bailey.

You collected 557 gold pieces.


Innate Abilities, Weirdness & Mutations

You have sharp fingernails.
You are frail. (-10% HP)
You regenerate health from kills.
You sometimes lose the ability to read scrolls when taking damage.
You cannot be stealthy.
When seriously injured, your blood forms armour. (AC +6)
You have sharp toenails.
You have a somewhat thin skeletal structure. (Dex +2, Stealth+)
Your mind is acute. (Int +4, Str/Dex -1)
Your system is resistant to poisons. (rPois)


   Skills:
 + Level 6.7 Fighting
 + Level 11.8 Polearms
 - Level 4.5 Armour
 + Level 3.1 Dodging
 - Level 2.6 Unarmed Combat


You had 9 spell levels left.
You didn't know any spells.
Your spell library contained the following spells:

 Spells                   Type           Power      Damage    Failure   Level
 Kiss of Death            Conj/Necr      0%         2d5       36%         1
 Sandblast                Erth           0%         2d4       36%         1
 Call Imp                 Summ           0%         N/A       50%         2
 Cigotuvi's Dreadful Rot  Necr/Pois/Air  0%         N/A       50%         2
 Passwall                 Tmut/Erth      0%         N/A       50%         2
 Static Discharge         Conj/Air       0%         2-2/arc   50%         2
 Confusing Touch          Hex            0%         N/A       73%         3
 Ignite Poison            Fire/Tmut/Pois 0%         N/A       73%         3
 Stone Arrow              Conj/Erth      0%         3d7       73%         3
 Airstrike                Air            0%         2d(0-16)  98%         4
 Dispel Undead            Necr           0%         3d6       98%         4
 Summon Lightning Spire   Summ/Air       0%         N/A       98%         4
 Freezing Cloud           Conj/Ice/Air   0%         6-21      100%        5
 Spellforged Servitor     Conj/Summ      0%         N/A       100%        7
 Lehudib's Crystal Spear  Conj/Erth      0%         10d2      100%        8

Inventory:

Hand Weapons
 a - a +3 antimagic spear
 b - a +0 halberd (weapon)
Armour
 d - a +1 pair of boots (worn)
 f - a +0 helmet (worn)
 i - a +0 ring mail (worn)
 j - a +0 pair of gloves (worn)
Magical Staves
 g - a staff of conjuration {!a}
Jewellery
 n - an amulet of regeneration (around neck)
 F - a ring of protection from fire (right hand)
 L - a ring of flight (left hand)
 S - a +6 ring of strength
Scrolls
 c - 5 scrolls of identify {@r1}
 h - 3 scrolls of blinking
 k - 2 scrolls of enchant weapon
 l - a scroll of immolation
 o - a scroll of teleportation {@r2}
 r - 2 scrolls of enchant armour
Potions
 e - 4 potions of magic
 m - 2 potions of attraction
 p - 3 potions of resistance

Dungeon Overview and Level Annotations

Branches:
Dungeon (8/15)             Temple (0/1) D:6          Bailey (1/1)
   Lair: D:8-11

Altars:
Ashenzari
Cheibriados
Fedhas
Qazlal
Ru
Uskayaw
Vehumet

Shops:
D:1 (   D:2 (

Annotations:
D:6 1 runed translucent door, Crazy Yiuf
D:7 1 transporter, jejorda2's ghost, novice MfBe Bailey Prince Ribbit

**,,,** ▒??.?!▒
▒.....▒ ▒F....▒
▒..∩..▒ ▒▒▒.....*▒▒
▒▒~▒▒.§.*▒≈▒▒
▒▒~~~▒▒p▒▒~~≈▒▒
▒~~~...@...~~≈▒
▒▒..........~~≈▒▒
▒.≈≈≈~.~~...~~~≈▒
▒)▒▒▒≈~.~.~.~~~≈▒
▒..~▒▒≈~....~~~≈▒
▒~..~▒≈~...~~~~≈▒**
▒▒~..▒▒≈~..~~~~≈▒,**
▒~...▒≈~..~~~≈▒*,,**
▒▒~..▒≈~.~≈≈~≈▒,,,,**


You could see a vault guard and Prince Ribbit.


Message History

Unknown command.
Reach: b) +0 halberd
Press: ? - help, Dir - move target, f/p - vault guard
Aim: a vault guard, wielding a +0 broad axe and wearing a +0 chain mail (heavily wounded, about 43% to evade your +0 halberd)
You hit the vault guard.
The vault guard is heavily wounded.
The vault guard hits you with a +0 broad axe!!
You feel threatened and lose the ability to read scrolls!
* * * LOW HITPOINT WARNING * * *
Reach: b) +0 halberd
Press: ? - help, Dir - move target, f/p - vault guard
Aim: a vault guard, wielding a +0 broad axe and wearing a +0 chain mail (heavily wounded, about 43% to evade your +0 halberd)
You hit the vault guard.
The vault guard is heavily wounded.
The vault guard hits you with a +0 broad axe!
* * * LOW HITPOINT WARNING * * *
Reach: b) +0 halberd
Press: ? - help, Dir - move target, f/p - vault guard
Aim: a vault guard, wielding a +0 broad axe and wearing a +0 chain mail (heavily wounded, about 43% to evade your +0 halberd)
You hit the vault guard.
The vault guard is heavily wounded.
The vault guard barely misses you.
Reach: b) +0 halberd
Press: ? - help, Dir - move target, f/p - vault guard
Aim: a vault guard, wielding a +0 broad axe and wearing a +0 chain mail (heavily wounded, about 43% to evade your +0 halberd)
You puncture the vault guard!
The vault guard is severely wounded.
Prince Ribbit blinks!
The vault guard hits you with a +0 broad axe!
You die...

Skill      XL: |  1  2  3  4  5  6  7  8  9 10 |
---------------+-------------------------------+-----
Polearms       | 2 3 4 5 6 8 10 11 | 11.8
Armour         | 1 4 |  4.5
Fighting       | 5 6 |  6.7
Stealth        | 0 |  0.0
Dodging        | 3 |  3.1
Unarmed Combat | |  2.6

Action                     |  1- 3 |  4- 6 |  7- 9 | 10-12 || total
---------------------------+-------+-------+-------+-------++-------
  Melee: Spear             |   195 |   289 |   292 |       ||   776
         Punch             |     4 |     5 |     5 |       ||    14
         Halberd           |       |       |   283 |   100 ||   383
 Invoke: Sacrifice Words   |     1 |       |       |       ||     1
         Sacrifice Health  |       |       |     1 |       ||     1
         Draw Out Power    |       |       |     2 |     1 ||     3
         Sacrifice Stealth |       |       |     1 |       ||     1
  Evoke: Wand              |       |       |     7 |       ||     7
    Use: Scroll            |     1 |     4 |    10 |     2 ||    17
         Potion            |     1 |     1 |    12 |     3 ||    17
   Stab: Sleeping          |     3 |     3 |     1 |       ||     7
         Invisible         |       |       |     8 |     1 ||     9
         Distracted        |       |       |     1 |       ||     1
 Armour: Robe              |    54 |    25 |       |       ||    79
         Ring mail         |       |    85 |   215 |    35 ||   335
         Skin              |       |       |     5 |       ||     5
  Dodge: Dodged            |   107 |   100 |   269 |    54 ||   530

Levels and vault maps discovered:
D:1:      lightli_arrival_lavapool, layout_basic,
          dreamdust_ecumenical_altar_drowned_temple, serial_shops,
          nicolae_shop_bloodbath_and_beyond, minmay_domino_2
D:2:      minmay_inner_zag, layout_basic, basic_altar, serial_shops, shop,
          kennysheep_small_spiral, item_on_display_a
D:3:      layout_basic, lemuel_round_altar, uniq_robin
D:4:      layout_basic
D:5:      layout_basic, grunt_qazlal_sundering
D:6:      layout_layer_cave, temple_green, uniq_blork_the_orc,
          uniq_crazy_yiuf_cottage, uniq_eustachio
D:7:      layout_rooms, lemuel_coloured_pillars_altar,
          mainiacjoe_overflow_catwalk_spiral, gammafunk_ghost_smash, uniq_pikel
D:8:      layout_gridville, lemuel_tele_altar, lair_entry_dummy, enter_bailey_4,
          amcnicky_mini_corridor_feature
Bailey:   bailey_axe_froggy_fort_hellmonk, bailey

Notes
Turn   | Place    | Note
-------+----------+-------------------------------------------
     0 | D:1      | demibob the Demonspawn Wanderer began the quest for the
                  | Orb.
     0 | D:1      | demibob set off with the following items: a +0 spear, a
                  | scroll of blinking, a potion of heal wounds {@q2}, a +0
                  | pair of boots, a potion of curing {@q1}, a +0 robe.
     0 | D:1      | Reached XP level 1. HP: 18/18 MP: 1/1
   217 | D:1      | Found a faded altar of an unknown god.
   229 | D:1      | Prayed at the altar of an unknown god.
   229 | D:1      | Became a worshipper of Ru the Awakened
   231 | D:1      | Gained mutation: You occasionally lose the ability to read
                  | scrolls when taking damage. [Ru sacrifice]
   231 | D:1      | Gained mutation: You sometimes lose the ability to read
                  | scrolls when taking damage. [Ru sacrifice]
   231 | D:1      | Reached * piety under Ru
   259 | D:1      | Gained mutation: When seriously injured, your blood forms
                  | armour. (AC +6) [demonic ancestry]
   259 | D:1      | Reached XP level 2. HP: 18/24 MP: 2/2
   262 | D:1      | Reached skill level 2 in Polearms
   453 | D:1      | Found Gerchaffe's Weapon Emporium.
   715 | D:1      | Reached XP level 3. HP: 29/29 MP: 3/3
  1077 | D:2      | Reached skill level 3 in Polearms
  1190 | D:2      | Found Mesoures's Antique Weapon Boutique.
  1606 | D:2      | Reached XP level 4. HP: 28/35 MP: 4/4
  1917 | D:2      | Reached skill level 4 in Polearms
  2275 | D:2      | Found a blossoming altar of Fedhas.
  2759 | D:3      | Noticed Robin
  2809 | D:3      | Killed Robin
  2815 | D:3      | Gained mutation: You regenerate a little health from kills.
                  | [demonic ancestry]
  2815 | D:3      | Reached XP level 5. HP: 28/41 MP: 5/5
  3100 | D:3      | Found a hide-covered altar of Uskayaw.
  3818 | D:4      | Noticed a black bear
  3833 | D:4      | Killed a black bear
  3834 | D:4      | Reached skill level 5 in Polearms
  3843 | D:4      | Reached XP level 6. HP: 47/47 MP: 6/6
  3934 | D:4      | Reached skill level 6 in Polearms
  3979 | D:4      | Got Uskac's Anthology of the Scintillating Commander
  3993 | D:4      | Noticed a sky beast
  4012 | D:4      | Killed a sky beast
  4085 | D:4      | Noticed an ice beast
  4112 | D:4      | Killed an ice beast
  4113 | D:4      | Gained mutation: You regenerate health from kills. [demonic
                  | ancestry]
  4113 | D:4      | Reached XP level 7. HP: 37/52 MP: 7/7
  4150 | D:4      | Reached skill level 7 in Polearms
  4388 | D:4      | Identified 2 potions of resistance
  4407 | D:5      | Entered Level 5 of the Dungeon
  4652 | D:5      | Found a stormy altar of Qazlal.
  4758 | D:5      | Noticed a wraith
  4827 | D:5      | Killed a wraith
  4828 | D:5      | Reached skill level 8 in Polearms
  4845 | D:5      | Gained mutation: You are frail. (-10% HP) [Ru sacrifice]
  4845 | D:5      | Reached ** piety under Ru
  4845 | D:5      | Reached *** piety under Ru
  5207 | D:6      | Reached XP level 8. HP: 49/52 MP: 8/8
  5253 | D:6      | Reached skill level 9 in Polearms
  5424 | D:6      | Noticed Blork the orc
  5431 | D:6      | Killed Blork the orc
  5441 | D:6      | Reached skill level 10 in Polearms
  5510 | D:6      | Noticed Eustachio
  5555 | D:6      | Killed Eustachio
  5556 | D:6      | Reached skill level 1 in Armour
  5556 | D:6      | Reached XP level 9. HP: 55/57 MP: 9/9
  5880 | D:6      | Found a staircase to the Ecumenical Temple.
  6403 | D:6      | Found a runed translucent door.
  6404 | D:6      | Noticed Crazy Yiuf
  6440 | D:7      | Found a radiant altar of Vehumet.
  6452 | D:7      | Found a broken altar of Ashenzari.
  6460 | D:7      | Reached skill level 4 in Fighting
  6460 | D:7      | Reached skill level 2 in Armour
  6491 | D:7      | Reached skill level 11 in Polearms
  6633 | D:7      | HP: 1/59 [gnoll sergeant/+3 antimagic spear (7)]
  6634 | D:7      | Gained mutation: You have sharp toenails. [potion of
                  | mutation]
  6634 | D:7      | Gained mutation: Your mind is acute. (Int +4, Str/Dex -1)
                  | [potion of mutation]
  6634 | D:7      | Gained mutation: You have a somewhat thin skeletal
                  | structure. (Dex +2, Stealth+) [potion of mutation]
  6634 | D:7      | Gained mutation: Your system is resistant to poisons.
                  | (rPois) [potion of mutation]
  6648 | D:7      | Reached skill level 3 in Armour
  6734 | D:7      | Noticed Pikel
  6746 | D:7      | Killed Pikel
  6747 | D:7      | Reached skill level 5 in Fighting
  6849 | D:7      | Found a transporter.
  6849 | D:7      | Noticed jejorda2's ghost (novice MfBe)
  6850 | D:7      | Identified the +7 great mace of the Enemy {freeze, Will+}
  6850 | D:7      | Identified the +3 great mace of Cule {heavy, Int+4 Dex+3}
  6850 | D:7      | Noticed a two-headed ogre
  6918 | D:7      | Found a snail-covered altar of Cheibriados.
  6922 | D:7      | Gained mutation: You cannot be stealthy. [Ru sacrifice]
  6922 | D:7      | Reduced skill Stealth to level 0
  7246 | D:8      | Reached skill level 4 in Armour
  7347 | D:8      | Found a sacrificial altar of Ru.
  7585 | D:8      | Found a flagged portal.
  7599 | Bailey   | Entered a bailey
  7613 | Bailey   | Gained mutation: You have sharp fingernails. [demonic
                  | ancestry]
  7613 | Bailey   | Reached XP level 10. HP: 68/68 MP: 10/10
  7629 | Bailey   | Reached skill level 6 in Fighting
  7662 | Bailey   | Reached skill level 2 in Dodging
  7716 | Bailey   | Noticed a vault guard
  7744 | Bailey   | Killed a vault guard
  7745 | Bailey   | Reached skill level 3 in Dodging
  7790 | Bailey   | Noticed a vault guard
  7790 | Bailey   | Noticed Prince Ribbit
  7810 | Bailey   | HP: 6/65 [vault guard/+0 broad axe (12)]
  7812 | Bailey   | Slain by a vault guard

Vanquished Creatures
  A vault guard (Bailey)
  Pikel (D:7)
  2 humans (Bailey)
  A wraith (D:5)
  Eustachio (D:6)
  An acid dragon (D:6)
  3 water moccasins
  3 orc warriors
  A sky beast (D:4)
  2 ice beasts
  2 black bears
  An ogre (D:6)
  A centaur (D:7)
  2 phantoms
  2 kobold brigands
  11 bullfrogs
  Blork the orc (D:6)
  A gnoll sergeant (D:7)
  4 scorpions
  2 wights (D:8)
  2 howler monkeys (D:7)
  6 hounds
  2 orc priests
  3 orc wizards
  6 iguanas
  Robin (D:3)
  14 adders
  3 gnolls (D:7)
  2 shadow imps
  A worm (D:3)
  5 dart slugs
  9 orcs
  9 endoplasms
  A giant cockroach (D:2)
  15 goblins
  11 hobgoblins
  6 jackals (D:1)
  7 quokkas
  5 ball pythons
  6 bats
  3 frilled lizards
  16 kobolds
  5 rats
  A spectral goblin (D:1)
182 creatures vanquished.

Vanquished Creatures (others)
  A black bear (D:5)
  A howler monkey (D:7)
  A hound (D:6)
  A jackal (D:1)
  2 kobolds (D:7)
  A fungus (D:6)
7 creatures vanquished.

Grand Total: 189 creatures vanquished

Table legend: (Time is in decaauts)
 A = Elapsed time spent in this place.
 B = Non-inter-level travel time spent in this place.
 C = Inter-level travel time spent in this place.
 D = Time resting spent in this place.
 E = Time spent auto-exploring this place.
 F = Levels seen in this place.
 G = Mean time per level.
                   A        B        C        D        E       F      G
               +--------+--------+--------+--------+--------+-----+--------+
         Total |   7712 |   7464 |    248 |    166 |   5613 |   9 |  856.9 |
       Dungeon |   7521 |   7273 |    248 |    166 |   5537 |   8 |  940.1 |
        Bailey |    190 |    190 |      0 |      0 |     76 |   1 |  190.0 |
               +--------+--------+--------+--------+--------+-----+--------+

Top non-repeatable levels by time:
     D:2: 1765 daAuts
     D:6: 1208 daAuts
     D:3: 1022 daAuts
     D:1: 989 daAuts
     D:5: 808 daAuts
     D:7: 738 daAuts
     D:4: 576 daAuts
     D:8: 411 daAuts
  Bailey: 190 daAuts

Table legend:
 A = Non-vault XP
 B = Vault XP
 C = Vault XP percentage of total XP
 D = Non-vault monster count
 E = Vault monster count
 F = Vault count percentage of total count
                 A         B        C        D         E       F
            +---------+---------+-------+---------+---------+-------
      Total |    4381 |    3113 |  41.5 |     142 |      44 |  23.7
            +---------+---------+-------+---------+---------+-------
        D:1 |      38 |       3 |   7.3 |      22 |       3 |  12.0
        D:2 |      79 |      32 |  28.8 |      24 |       6 |  20.0
        D:3 |      60 |      37 |  38.1 |      16 |      13 |  44.8
        D:4 |     652 |       0 |   0.0 |      16 |       0 |   0.0
        D:5 |     503 |       0 |   0.0 |      10 |       0 |   0.0
        D:6 |    1580 |     290 |  15.5 |      24 |       2 |   7.7
        D:7 |     973 |     617 |  38.8 |      20 |       1 |   4.8
        D:8 |     496 |      10 |   2.0 |      10 |       5 |  33.3
     Bailey |       0 |    2124 | 100.0 |       0 |      14 | 100.0
            +---------+---------+-------+---------+---------+-------
